 Dungeon Crawl Stone Soup version 0.32-a0-913-g739538afd8 (webtiles) character file.

Game seed: 1058358223466314240

303 GiantSquids the Chopper (level 6, 0/45 (51) HPs)
             Began as a Mountain Dwarf Fighter on Apr 8, 2024.
             Slain by a wight
             ... wielding a +5 long sword
              (2 damage)
             ... on level 4 of the Dungeon.
             The game lasted 00:03:44 (2833 turns).

GiantSquids the Chopper (Mountain Dwarf Fighter)    Turns: 2833, Time: 00:03:45

HP:   0/45 (51)     AC: 10    Str: 20    XL:     6   Next: 15%
MP:   6/6           EV:  8    Int:  9    God:
Gold: 299           SH:  5    Dex: 15    Spells: 5/5 levels left

rFire   . . .        a - +0 war axe
rCold   . . .        c - +0 buckler
rNeg    . . .        b - +0 scale mail
rPois   .            (no helmet)
rElec   .            (no cloak)
rCorr   .            (no gloves)
SInv    .            (no boots)
Will    .....        (no amulet) Stlth
                     e - +4 ring of protection
HPRegen 0.27/turn    t - +6 ring of dexterity
MPRegen 0.10/turn

%: no passive effects
@: mighty, heavily drained
A: runic magic, artefact enchanting
a: no special abilities


You were on level 4 of the Dungeon.
You visited 1 branch of the dungeon, and saw 4 of its levels.

You collected 299 gold pieces.

Inventory:

Hand Weapons
 a - a +0 war axe (weapon)
Missiles
 g - 54 stones (quivered)
 h - 5 poisoned darts
Armour
 b - a +0 scale mail (worn)
 c - a +0 buckler (worn)
Jewellery
 e - a +4 ring of protection (left hand)
 t - a +6 ring of dexterity (right hand)
Scrolls
 i - 2 scrolls of fear {unknown}
 j - 2 scrolls of butterflies {unknown}
 k - 2 scrolls of blinking {unknown}
 m - a scroll of poison {unknown}
 o - 2 scrolls of identify {unknown}
 p - 2 scrolls of fog {unknown}
 s - a scroll of silence {unknown}
 u - 2 scrolls of enchant armour {unknown}
Potions
 d - a potion of might
 f - 6 potions of curing {unknown}
 l - a potion of berserk rage {unknown}
 n - a potion of magic {unknown}
 q - a potion of degeneration {unknown}
 r - a potion of haste {unknown}
 v - a potion of mutation {unknown}


   Skills:
 - Level 3.2 Fighting
 + Level 7.9 Axes
 - Level 3.2 Armour
 - Level 3.2 Shields


You had 5 spell levels left.
You didn't know any spells.
Your spell library contained the following spells:

 Spells                   Type           Power      Damage    Failure   Level
 Inner Flame              Hex/Fire       0%         N/A       89%         3
 Passwall                 Erth           0%         N/A       89%         3
 Tukima's Dance           Hex            0%         N/A       89%         3
 Volatile Blastmotes      Fire/Tloc      0%         2d10      89%         3
 Flame Wave               Conj/Fire      0%         2d4       100%        4
 Passage of Golubria      Tloc           0%         N/A       100%        4
 Sticky Flame             Fire/Alch      0%         2d4       100%        4
 Vhi's Electric Charge    Tloc/Air       0%         N/A       100%        4
 Yara's Violent Unravell  Hex/Alch       0%         3d3       100%        5
 Bombard                  Conj/Erth      0%         9d1       100%        6


Dungeon Overview and Level Annotations

Branches:
Dungeon (4/15)
 Temple: D:4-7

Altars:
Uskayaw
Wu Jian


Innate Abilities, Weirdness & Mutations

Your spellcasting is much less encumbered by armour.
You can use scrolls of enchantment on lesser artefacts.


Message History

You hit the jackal.
The jackal is severely wounded.
The jackal bites you but does no damage. x2
You hit the jackal.
You kill the jackal!
You slash the jackal!
You kill the jackal!
The wight hits you from afar with a +0 spear.
You feel drained. The wight hits you with a +0 spear.
You feel drained.
You see here a jackal corpse.
You closely miss the wight. The wight hits you with a +0 spear.
You feel drained.
You barely miss the wight.
The wight hits you but does no damage. x2
You slash the wight!
The wight is severely damaged.
The wight hits you with a +0 spear!
* * * LOW HITPOINT WARNING * * *
You feel drained.
* * * LOW HITPOINT WARNING * * *
You hit the wight.
You destroy the wight!
The jackal bites you but does no damage.
You have reached level 6!
Sorry, you're not good enough to have a special ability.
You feel very mighty all of a sudden. The jackal barely misses you.
You slash the jackal!
You kill the jackal!
You hit the wight but do no damage.
The wight is lightly damaged.
You block the wight's attack.
You hit the wight.
The wight is moderately damaged.
The wight hits you with a +5 long sword!
* * * LOW HITPOINT WARNING * * *
The wight hits you with a +5 long sword.
* * * LOW HITPOINT WARNING * * *
You feel drained.
You die...

#........#.###.
###..............
....#####.##.###
###............#
.....###..######
##...##..<....# #######
##...#.......## ......#
#....#...###.#####z.....#
#.....>.........@zz.....#
.......#.###.#####).....#
##.......###.# .......
#.)..#.......# .......
#..#.#.####### #######
#..........# #.....####.#
#.....####.# #..........#


You could see 3 wights.

Vanquished Creatures
  2 wights (D:4)
  2 orc wizards (D:3)
  4 gnolls
  3 adders (D:3)
  A dart slug (D:3)
  A ribbon worm (D:3)
  9 orcs (D:3)
  4 ball pythons
  4 bats
  6 endoplasms
  4 giant cockroaches
  6 goblins
  4 hobgoblins
  7 jackals
  11 kobolds
  3 frilled lizards
  6 rats
77 creatures vanquished.

Notes
Turn   | Place    | Note
-------+----------+-------------------------------------------
     0 | D:1      | GiantSquids the Mountain Dwarf Fighter began the quest for
                  | the Orb.
     0 | D:1      | Reached XP level 1. HP: 19/19 MP: 1/1
   136 | D:1      | Reached skill level 3 in Axes
   333 | D:1      | Reached XP level 2. HP: 21/26 MP: 2/2
   395 | D:1      | Found a faded altar of an unknown god.
   669 | D:1      | Reached skill level 4 in Axes
  1123 | D:1      | Reached XP level 3. HP: 31/31 MP: 3/3
  1675 | D:2      | Reached skill level 5 in Axes
  1681 | D:2      | Reached XP level 4. HP: 29/38 MP: 4/4
  2135 | D:3      | Reached skill level 6 in Axes
  2135 | D:3      | Noticed a +0 short sword
  2135 | D:3      | Noticed a +0 short sword
  2136 | D:3      | Noticed a +0 dagger
  2139 | D:3      | Noticed a +0 falchion
  2139 | D:3      | Noticed a +0 dagger
  2143 | D:3      | Noticed a +0 spear
  2178 | D:3      | Reached XP level 5. HP: 41/45 MP: 5/5
  2299 | D:3      | Found an ornate altar of the Wu Jian Council.
  2622 | D:3      | Noticed a +0 spear
  2622 | D:3      | Noticed a +0 falchion
  2630 | D:3      | Found a hide-covered altar of Uskayaw.
  2657 | D:3      | Reached skill level 7 in Axes
  2830 | D:4      | Reached XP level 6. HP: 12/47 MP: 6/6
  2833 | D:4      | HP: 2/47 [wight/+5 long sword (4)]
  2833 | D:4      | Slain by a wight

Illustrated notes

Levels and vault maps discovered:
D:1:      saegor_arrival_simple_a, layout_basic, basic_ecumenical_altar,
          minmay_gold_behind_fungi
D:2:      layout_basic, serial_corexii_hall, corexii_hall_statues_deadend,
          corexii_hall_statues_t, kennysheep_boxes
D:3:      layout_basic, nicolae_uskayaw_en_pointe, nzn_wu_jian_council_hall
D:4:      layout_basic, mainiacjoe_overflow_six_doors_small, trog_book

Skill      XL: |  1  2  3  4  5 |
---------------+----------------+-----
Axes           | 3 4 5 6 7 |  7.9
Fighting       | |  3.2
Armour         | |  3.2
Shields        | |  3.2

Action                     |  1- 3 |  4- 6 || total
---------------------------+-------+-------++-------
  Melee: War axe           |   119 |    99 ||   218
  Throw: Stone             |     2 |       ||     2
    Use: Potion            |       |     1 ||     1
 Armour: Scale mail        |   113 |   110 ||   223
  Dodge: Dodged            |    44 |    35 ||    79
  Block: Buckler           |    34 |    19 ||    53

Table legend: (Time is in decaauts)
 A = Elapsed time spent in this place.
 B = Non-inter-level travel time spent in this place.
 C = Inter-level travel time spent in this place.
 D = Time resting spent in this place.
 E = Time spent auto-exploring this place.
 F = Levels seen in this place.
 G = Mean time per level.
                   A        B        C        D        E       F      G
               +--------+--------+--------+--------+--------+-----+--------+
         Total |   2915 |   2796 |    119 |      0 |   2212 |   4 |  728.8 |
       Dungeon |   2915 |   2796 |    119 |      0 |   2212 |   4 |  728.8 |
               +--------+--------+--------+--------+--------+-----+--------+

Top non-repeatable levels by time:
     D:1: 1171 daAuts
     D:2: 930 daAuts
     D:3: 717 daAuts
     D:4: 95 daAuts
